 Dungeon Crawl Stone Soup version 0.29.1-12-g30fa7ad0bf (webtiles) character file.

Game seed: 6891888915579885574

60 croobank the Conjurer (level 3, 0/26 HPs)
             Began as a Demonspawn Conjurer on Jan 12, 2023.
             Killed by divine providence
             ... invoked by an orc priest
              (14 damage)
             ... on level 3 of the Dungeon.
             The game lasted 00:14:34 (2510 turns).

croobank the Conjurer (Demonspawn Conjurer)         Turns: 2510, Time: 00:14:35

Health: 0/26       AC:  5    Str:  7    XL:     3   Next: 80%
Magic:  1/6        EV: 12    Int: 21    God:
Gold:   79         SH:  0    Dex: 11    Spells: 1/7 levels left

rFire   . . .      SeeInvis .   h - +1 dagger (venom)
rCold   . . .      Faith    .   (no shield)
rNeg    . . .      Spirit   .   a - +0 robe
rPois   .          Reflect  .   (no helmet)
rElec   .          Harm     .   (no cloak)
rCorr   .          Rampage  .   d - +0 pair of gloves
Will    .....                   (no boots)
Stlth   ++........              (no amulet)
HPRegen 0.08/turn               (no ring)
MPRegen 0.10/turn               (no ring)

@: no status effects
A: slimy green scales 1
a: no special abilities


You were on level 3 of the Dungeon.
You visited 1 branch of the dungeon, and saw 3 of its levels.

You collected 79 gold pieces.

Inventory:

Hand Weapons
 f - a +0 hand axe
 h - a +1 dagger of venom (weapon)
Armour
 a - a +0 robe (worn)
 d - a +0 pair of gloves (worn)
Magical Staves
 g - a staff of conjuration
Wands
 j - a wand of digging (2)
Scrolls
 c - 2 scrolls of teleportation
Potions
 b - 3 potions of magic
 e - a potion of attraction {unknown}
 i - 2 potions of heal wounds {unknown}
 k - 2 potions of curing {unknown}


   Skills:
 + Level 1.3 Fighting
 + Level 2.2 Dodging
 + Level 2.3 Stealth
 + Level 2.5 Spellcasting
 + Level 4.3 Conjurations


You had one spell level left.
You knew the following spells:

 Your Spells              Type           Power      Damage    Failure   Level
a - Magic Dart            Conj           80%        1d7       2%          1
b - Searing Ray           Conj           40%        2d5       3%          2
c - Dazzling Flash        Conj/Hex       22%        N/A       17%         3

Your spell library contained the following spells:

 Spells                   Type           Power      Damage    Failure   Level
 Fulminant Prism          Conj/Hex       5%         3d7       50%         4
 Iskenderun's Mystic Bla  Conj/Tloc      11%        2d4       50%         4


Dungeon Overview and Level Annotations

Branches:
Dungeon (3/15)

Altars:


Innate Abilities, Weirdness & Mutations

You are partially covered in slimy green scales. (AC +2)


Message History

The searing ray misses the orc.
The searing ray hits the orc!
You kill the orc!
The searing ray hits the orc.
The orc is heavily wounded.
You hear a shout!
The orc hits you but does no damage.
The searing ray hits the orc!
You kill the orc!
The searing ray hits the orc.
You kill the orc!
An orc priest comes into view. It is wielding a +0 club.
The orc priest shouts!
You see here 5 stones.
Casting: Searing Ray (safe; 3% risk of failure)
Confirm with . or Enter, or press ? or * to list all spells.
Aiming: Searing Ray (safe; 3% risk of failure)
Press: ? - help, Shift-Dir - straight line, f - orc priest
Aim: an orc priest, wielding a +0 club (78% to hit)
The searing ray hits the orc.
The orc is severely wounded.
The searing ray hits the orc priest.
The orc priest is moderately wounded. (Press . to maintain the ray.) Without enough magic to sustain it, your searing ray dissipates.
The orc hits you with a +0 war axe! The orc hits you with a +0 war axe.
You closely miss the orc.
The orc is severely wounded.
The orc hits you with a +0 war axe.
The orc priest looks encouraged for a moment.
The kobold hits you but does no damage.
You hit the orc.
You kill the orc!
The kobold misses you.
You hit the orc priest.
The orc priest is poisoned.
The orc priest is moderately wounded.
The orc priest mumbles some strange prayers to Beogh against you.
Beogh smites you!
Ouch! That really hurt!
You die...

####### #################
#...... .........?......#
#.##...
.......K@...###.###.##...
.##...o............##.⌠.
#.#)####.#...######...
#.... ..#...# #......
#..#. ..#...# #.8....
#..#. ...#...# #...... #.
.o ..##...# ####... . .K
..... #... .. .. #..###
#...


You could see an orc priest (very poisoned) and a kobold.

Vanquished Creatures
  2 adders (D:2)
  4 orcs (D:3)
  6 bats
  4 endoplasms
  A giant cockroach (D:1)
  5 hobgoblins
  4 jackals (D:1)
  A ball python (D:1)
  A frilled lizard (D:2)
  2 kobolds (D:1)
  6 rats
36 creatures vanquished.

Vanquished Creatures (others)
  3 plants (D:1)
3 creatures vanquished.

Grand Total: 39 creatures vanquished

Notes
Turn   | Place    | Note
-------+----------+-------------------------------------------
     0 | D:1      | croobank the Demonspawn Conjurer began the quest for the
                  | Orb.
     0 | D:1      | Reached XP level 1. HP: 13/13 MP: 3/3
   552 | D:1      | Gained mutation: You are partially covered in slimy green
                  | scales. (AC +2) [demonic ancestry]
   552 | D:1      | Reached XP level 2. HP: 20/20 MP: 0/5
   555 | D:1      | Learned a level 2 spell: Searing Ray
  1678 | D:2      | Reached skill level 1 in Fighting
  1678 | D:2      | Reached XP level 3. HP: 26/26 MP: 1/6
  1832 | D:2      | Learned a level 3 spell: Dazzling Flash
  2510 | D:3      | Killed from afar by an orc priest

Illustrated notes

Levels and vault maps discovered:
D:1:      denvon_arrival_waterhouse, layout_basic, chequers_big_river,
          minmay_misc_feat_cross
D:2:      layout_rooms
D:3:      corexii_shack_village, layout_basic, biasface_ghost_orc_armoury,
          nicolae_elevator_lobby_asterisk

Skill      XL: |  1  2 |
---------------+-------+-----
Stealth        | 2 |  2.3
Dodging        | 2 |  2.2
Fighting       | 1 |  1.3
Spellcasting   | |  2.5
Conjurations   | |  4.3

Action                   || total
-------------------------++-------
Melee: Unarmed           ||    12
       Dagger            ||    18
 Cast: Magic Dart        ||    34
       Searing Ray       ||    12
       Dazzling Flash    ||     1
  Use: Scroll            ||     2
 Stab: Invisible         ||     1
       Sleeping          ||     1
Armor: Robe              ||    15
Dodge: Dodged            ||    38
